[Event "44th Chess Olympiad Open 2022"]
[Site "Chennai"]
[Date "2022.08.02"]
[Round "5.70"]
[White "Blackman, Justin"]
[Black "Faulks, Nick"]
[Result "1-0"]
[WhiteElo "2195"]
[BlackElo "1820"]
[Annotator "NA RC"]
[PlyCount "61"]
[EventDate "2022.??.??"]
[TimeControl "60"]

1. d4 Nf6 2. c4 c5 3. d5 b5 4. Nd2 bxc4 5. e4 d6 6. Bxc4 g6 7. b3 Bg7 8. Bb2 O-O 9. Ne2 Nbd7 10. O-O Nb6 11. Qc2 a5 12. Nc3 a4 13. bxa4 Nxc4 14. Nxc4 Ba6 15. Nb5 Rb8 16. Nca3 Qd7 17. Rfe1 h5 18. Rad1 Rfc8 19. h3 Qb7 20. f4 c4 21. Bc3 Qb6+ 22. Kh1 Qb7 23. Bxf6 Bxf6 24. e5 Bh4 25. Re4 f5 26. Rxc4 Qb6 27. Rc6 Rxc6 28. dxc6 Rc8 29. exd6 Rxc6 30. d7 e6 31. d8=Q+ 1-0

[Event "44th Chess Olympiad Open 2022"]
[Site "Chennai"]
[Date "2022.08.02"]
[Round "5.70"]
[White "Kovacova, Zuzana"]
[Black "Husbands, Orlando"]
[Result "1/2-1/2"]
[WhiteElo "2050"]
[BlackElo "2353"]
[Annotator "RC"]
[PlyCount "116"]
[EventDate "2022.??.??"]
[TimeControl "60"]

1. e4 c5 2. Nc3 d6 3. g3 Nc6 4. Bg2 g6 5. d3 Bg7 6. Nge2 e6 7. O-O Nge7 8.
Be3 Nd4 9. f4 h5 10. Rb1 Nec6 11. a3 Qa5 12. Bd2 Bd7 13. Nd5 Qd8 14. Ne3 b5 15. c3 Nxe2+ 16. Qxe2 O-O 17. f5 Ne5 18. Rbd1 Rc8 19. Bc1 Re8 20. Qf2 c4 21. dxc4 bxc4 22. fxg6 fxg6 23. Rxd6 Qe7 24. Rdd1 Nd3 25. Qc2 Bh6 26. Nxc4 Qc5+ 27. Kh1 Nxc1 28. Nd6 Bb5 29. Nxe8 Bxf1 30. Nf6+ Kg7 31. Rxf1 Rf8 32. Nd7 Rxf1+ 33. Bxf1 Qd6 34. Bb5 Be3 35. b4 a6 36. Ba4 h4 37. Qd1 Nd3 38. Kg2 Ba7 39. Qf1 Nf2 40.
Nc5 hxg3 41. hxg3 Ng4 42. Qe2 Ne5 43. Nxa6 Nd3 44. Bc2 Nc1 45. e5 Qc6+ 46. Be4 Qxc3 47. Qg4 Qxe5 48. Qxg6+ Kf8 49. Qh6+ Ke7 50. Bf3 Be3 51. Qh7+ Kd8 52. Qc2 Qd6 53. b5 Nd3 54. Qd1 Bf2 55. g4 Ke7 56. Kf1 Bb6 57. Nb4 Qh2 58. Nxd3 Qg1+ 1/2-1/2

[Event "44th Chess Olympiad Open 2022"]
[Site "Chennai"]
[Date "2022.08.02"]
[Round "5.70"]
[White "Gontcharov, Serguei"]
[Black "Edwards, Emar"]
[Result "0-1"]
[WhiteElo "1864"]
[BlackElo "1695"]
[Annotator "NA RC"]
[PlyCount "58"]
[EventDate "2022.??.??"]
[TimeControl "60"]

1. e4 c5 2. Nf3 Nc6 3. d4 cxd4 4. Nxd4 Nf6 5. Nc3 e5 6.
Ndb5 d6 7. Bg5 a6 8. Na3 b5 9. Nd5 Be7 10. Bxf6 Bxf6 11. c3 O-O 12. Nc2 Rb8 13. Be2 Bg5 14. O-O Ne7 15. Ncb4 Bb7 16. Nxe7+ Bxe7 17. Nd5 Kh8 18. g4 Bg5 19. Bf3 Bxd5 20. Qxd5 Bf4 21. Bg2 Qh4 22. h3 h5 23. Qd1 g6 24. Qf3 f5 25. exf5 gxf5 26. gxh5 e4 27. Qe2 Rg8 28. f3 Rxg2+ 29. Qxg2 Rg8 0-1

[Event "44th Chess Olympiad Open 2022"]
[Site "Chennai"]
[Date "2022.08.02"]
[Round "5.70"]
[White "Parsons, Justin"]
[Black "Gontcharov, Dimitri"]
[Result "1-0"]
[WhiteElo "1749"]
[BlackElo "1448"]
[Annotator "NA RC"]
[PlyCount "31"]
[EventDate "2022.??.??"]
[TimeControl "60"]

1. d4 d5 2. Nf3 Nf6 3. c4 e6 4. Nc3 Be7 5. Bg5 O-O 6. e3 Nbd7 7. Be2 Re8 8. O-O h6 9. Bh4 Nf8 10. Rc1 c6 11. Qc2 Ng6 12. Bg3 b6 13.
Bd3 Nf8 14. cxd5 Nxd5 15. Nxd5 cxd5 16. Bc7 1-0

[Event "44th Chess Olympiad Open 2022"]
[Site "Chennai"]
[Date "2022.08.02"]
[Round "5.71"]
[White "Traore, Bakary"]
[Black "Kamara, Ansumana"]
[Result "1-0"]
[WhiteElo "2181"]
[BlackElo "1896"]
[Annotator "NA RC"]
[PlyCount "123"]
[EventDate "2022.??.??"]
[TimeControl "60"]

1. e4 c5 2. Nf3 d6 3. d4 cxd4 4. Nxd4 Nf6 5. Nc3 a6 6. Bg5 e6 7. f4 Be7 8. Qf3 Qc7 9. O-O-O Nbd7 10. g4 b5 11. Bxf6 Nxf6 12. g5 Nd7 13.
f5 Bxg5+ 14. Kb1 Ne5 15. Qh5 Be7 16. fxe6 g6 17. Nd5 Qb7 18. exf7+ Nxf7 19. Qe2 O-O 20. h4 Ne5 21. Bh3 Bxh3 22. Rxh3 Rf7 23. h5 Re8 24. hxg6 Nxg6 25. Qg4 Qc8 26. Nf5 Bf8 27. Rdh1 Qe6 28. Nf4 Qxe4 29. Qxg6+ Rg7 30. Nh6+ Kh8 31. Qxe4 Rxe4 32. Nf5 Rxf4 33. Nxg7 Bxg7 34. Rxh7+ Kg8 35. R7h4 Rxh4 36.
Rxh4 Kf7 37. c3 a5 38. a4 Bf6 39. Rh7+ Kg6 40. Rd7 bxa4 41. Rxd6 Kf7 42. Ka2 Be5 43. Ra6 Ke7 44. Rxa5 Bd6 45. Ra7+ Kd8 46. Rxa4 Kc7 47. Ra6 Bh2 48. b4 Kb7 49. Rg6 Be5 50. Kb3 Ka7 51. c4 Kb7 52. c5 Bh2 53.
Kc4 Be5 54. Re6 Bh2 55. Re7+ Kc8 56. Rh7 Bg3 57. b5 Kb8 58. b6 Ka8 59. c6 Bf4 60. Kb5 Be5 61. Ka6 Bd6 62. Rh8+ 1-0

[Event "44th Chess Olympiad Open 2022"]
[Site "Chennai"]
[Date "2022.08.02"]
[Round "5.71"]
[White "Winston Gerald, Mansfield Thomas"]
[Black "Diarra, Sirike"]
[Result "1-0"]
[WhiteElo "1832"]
[BlackElo "1641"]
[Annotator "NA RC"]
[PlyCount "56"]
[EventDate "2022.??.??"]
[TimeControl "60"]

1. d4 d5 2. Bf4 Nf6 3. e3 e6 4. Bd3 Be7 5. Nd2 O-O 6. c4 c5 7. Ngf3 Nc6 8. cxd5 exd5 9. h3 c4 10. Bb1 Bb4 11. a3 Ba5 12. O-O h6 13.
Qc2 Ne7 14. Ne5 Bxd2 15. Qxd2 Be6 16. f3 Re8 17. Rc1 a5 18. g4 g5 19. Bg3 Kg7 20.
Be1 b6 21. Qh2 Rh8 22. f4 Nfg8 23. f5 Bd7 24. Bd2 Rc8 25. Bc3 f6 26. Nxd7 Qxd7 27. Re1 h5 28. Qg2 hxg4 1-0

[Event "44th Chess Olympiad Open 2022"]
[Site "Chennai"]
[Date "2022.08.02"]
[Round "5.71"]
[White "Maiga, Baba Moulaye Abdall"]
[Black "Lwebuga, Ronald"]
[Result "0-1"]
[WhiteElo "1822"]
[BlackElo "1818"]
[Annotator "NA RC"]
[PlyCount "140"]
[EventDate "2022.??.??"]
[TimeControl "60"]

1. e4 c5 2. Nf3 Nc6 3. Bc4 e6 4. Nc3 a6 5. a4 g6 6. d3 Bg7 7. O-O Nge7 8. Bf4 d6 9. Re1 O-O 10. Qd2 Re8 11. Bh6 Bf6 12. h3 Nd4 13.
Nh2 Nec6 14. Ng4 Bh8 15. f4 Nb4 16. Rac1 Qh4 17. Kh2 Bg7 18.
Bg5 Qh5 19. e5 d5 20. Bb3 Bd7 21. Ne2 Nxe2 22. Rxe2 Nc6 23. Nf6+ Bxf6 24. g4 Nd4 25. Rf2 Bxg5 26. gxh5 Bh4 27. Rff1 b5 28. a5 Bc6 29. Qd1 Rad8 30. c3 Nf5 31. d4 Ne3 32. Qe2 Nxf1+ 33. Rxf1 Rc8 34. Qg4 Bd8 35. hxg6 fxg6 36. Bc2 Rc7 37. f5 exf5 38. Bxf5 cxd4 39. Be6+ Kg7 40. Rg1 dxc3 41. bxc3 Rce7 42. Bf5 Rxe5 43. h4 Rxf5 44. Qd4+ Bf6 45. Qc5 Bb7 46. Qb6 Re7 47. Rg2 Bxh4 48. Kh3 Bf6 49. Rc2 Rf3+ 50. Kh2 Rfe3 51. Rf2 R3e6 52. Qd8 Re2 53. Qb6 Rxf2+ 54. Qxf2 Bxc3 55. Qc5 Bf6 56. Kg3 Rf7 57. Qc2 d4 58. Kf4 Rd7 59. Qd3 h5 60. Kg3 h4+ 61. Kg4 Re7 62. Qd2 Re4+ 63. Kh3 Bc8+ 64. Kh2 Bg4 65. Qc1 d3 66. Kg1 h3 67. Qc7+ Re7 68. Qf4 Bf5 69. Qc1 g5 70. Kh2 Re2+ 0-1

[Event "44th Chess Olympiad Open 2022"]
[Site "Chennai"]
[Date "2022.08.02"]
[Round "5.71"]
[White "Adeshole Beckley, Brian"]
[Black "Coulibaly, Abdoulaye"]
[Result "0-1"]
[WhiteElo "1590"]
[BlackElo "1936"]
[Annotator "NA RC"]
[PlyCount "133"]
[EventDate "2022.??.??"]
[TimeControl "60"]

1. d4 d5 2. c4 c6 3. Nc3 Nf6 4. Nf3 Bg4 5. Qb3 b6 6. Ne5 e6 7. Bg5 Bf5 8. g4 Bg6 9. O-O-O Be7 10. Bg2 O-O 11. h4 h6 12. Nxg6 fxg6 13.
Bxf6 Rxf6 14. f3 Rf8 15. h5 g5 16. e4 dxc4 17. Qxc4 Qc8 18.
Ne2 b5 19. Qb3 a5 20. Qd3 Na6 21. a3 a4 22. Rhf1 b4 23. f4 bxa3 24. bxa3 Rb8 25. Kd2 Rb3 26. Qc4 Bxa3 27. Ke1 Rb2 28. f5 Kh8 29. Rf2 exf5 30. exf5 c5 31. Kf1 Bb4 32. Bf3 a3 33. d5 Re8 34. Nc3 Re3 35.
Na2 Qe8 36. Nxb4 cxb4 37. Rxb2 axb2 38. Kf2 Rc3 39. Qe4 Qxe4 40. Bxe4 Rc1 41. Ke2 Nc5 42. Bb1 Na4 43. Kd2 Rc5 44. d6 Nb6 45. Ke3 Rc1 46. Ke2 Na4 47. Kd2 Rc8 48. d7 Rd8 49. Kc2 Nc5 50.
Kxb2 Rxd7 51. Rxd7 Nxd7 52. Bc2 Nc5 53. Bb3 Nd3+ 54. Kb1 Nf2 55.
Kc2 Nxg4 56. Kd3 Nf6 57. Bf7 g4 58. Ke3 b3 59. Bxb3 Nxh5 60.
Bd1 Nf6 61. Kf4 Kg8 62. Bxg4 Nxg4 63. Kxg4 Kf7 64. Kf3 Kf6 65. Kf4 h5 66. Ke4 Kg5 67. Kd4 0-1

[Event "44th Chess Olympiad Open 2022"]
[Site "Chennai"]
[Date "2022.08.02"]
[Round "5.72"]
[White "Belzo, Krzysztof"]
[Black "Karelina, Polina"]
[Result "1-0"]
[WhiteElo "2080"]
[BlackElo "1835"]
[Annotator "NA RC"]
[PlyCount "63"]
[EventDate "2022.??.??"]
[TimeControl "60"]

1. d4 Nf6 2. Nf3 g6 3. c4 Bg7 4. Nc3 O-O 5. g3 d6 6. Bg2 Nc6 7. O-O Bd7 8. Bg5 h6 9. Bf4 Nh5 10. Be3 Qc8 11. Qd2 Kh7 12. d5 Na5 13.
b3 c5 14. dxc6 Nxc6 15. Nd4 Bh3 16. Rac1 Bxg2 17. Kxg2 Nxd4 18. Bxd4 Qc6+ 19. f3 e5 20. Bg1 f5 21. Rfd1 Rf6 22. Nb5 a6 23. Nxd6 Rd8 24. c5 Bf8 25. Qb4 b6 26. cxb6 Qa8 27. Rc7+ Ng7 28. Bc5 a5 29. Qb5 e4 30. b7 Qb8 31. Rc8 Rxc8 32. bxc8=Q 1-0

[Event "44th Chess Olympiad Open 2022"]
[Site "Chennai"]
[Date "2022.08.02"]
[Round "5.72"]
[White "Forbes, Garry"]
[Black "Albury, Noah"]
[Result "0-1"]
[WhiteElo "1908"]
[BlackElo "1324"]
[Annotator "NA RC"]
[PlyCount "72"]
[EventDate "2022.??.??"]
[TimeControl "60"]

1. d4 Nf6 2. Nc3 d5 3. Bf4 a6 4. e3 Bf5 5. f3 e6 6. g4 Bg6 7. h4 h5 8. g5 Nfd7 9. Bd3 Bxd3 10. Qxd3 g6 11. Nge2 Bd6 12. Bxd6 cxd6 13. Nf4 Qa5 14. Nxg6 Rg8 15. Nf4 Nc6 16. Kf2 Rc8 17. Qh7 Ne7 18. Qxh5 Ng6 19. Qh7 Ke7 20. Nxg6+ Rxg6 21. f4 Rcg8 22. Qh5 b5 23. Qe2 b4 24. Nd1 e5 25. h5 R6g7 26. c3 b3 27. a3 f6 28. h6 Rh7 29. Qg4 fxg5 30. fxg5 Rf7+ 31. Ke2 Qb5+ 32. Ke1 Rgf8 33. h7 Rf1+ 34. Rxf1 Qxf1+ 35. Kd2 e4 36. g6 Qd3+ 0-1

[Event "44th Chess Olympiad Open 2022"]
[Site "Chennai"]
[Date "2022.08.02"]
[Round "5.72"]
[White "Moncur, Cecil"]
[Black "Wojciechowski, Paul"]
[Result "1/2-1/2"]
[WhiteElo "1815"]
[BlackElo "1944"]
[Annotator "NA RC"]
[PlyCount "108"]
[EventDate "2022.??.??"]
[TimeControl "60"]

1. e4 c5 2. Nc3 d6 3. g3 Nc6 4. Bg2 Nf6 5. d3 g6 6. h3 Bg7 7. Be3 a6 8. Qd2 Bd7 9. Nge2 Rb8 10. O-O O-O 11. f4 e6 12. g4 b5 13. Ng3 Nd4 14. Nce2 Nxe2+ 15. Qxe2 Qc7 16. f5 exf5 17. exf5 Bc6 18. g5 Nd5 19. f6 Nxe3 20.
Qxe3 Rfe8 21. Qf2 Bf8 22. Rae1 Bxg2 23. Qxg2 Qd7 24. Re2 Rxe2 25. Nxe2 d5 26. Nf4 d4 27. h4 Re8 28. h5 Re5 29. hxg6 fxg6 30. Nh3 Qd5 31. Qf2 Rf5 32. Qg3 Rxf1+ 33. Kxf1 Bd6 34. Qg4 Qf5+ 35. Qxf5 gxf5 36. Kg2 Kf7 37. Kf3 Kg6 38. b3 h6 39. gxh6 Kxh6 40. Nf4 Kg5 41. Nd5 Kg6 42. a4 Kf7 43. axb5 axb5 44. c4 dxc3 45. Nxc3 b4 46. Ne2 Kxf6 47. d4 cxd4 48. Nxd4 Ke5 49. Ne2 Kd5 50. Ke3 f4+ 51. Kf3 Be5 52. Nc1 Kd4 53. Na2 Bd6 54. Nxb4 Bxb4 1/2-1/2

[Event "44th Chess Olympiad Open 2022"]
[Site "Chennai"]
[Date "2022.08.02"]
[Round "5.72"]
[White "Lockhart, Kenville"]
[Black "Gurner, Jem"]
[Result "0-1"]
[WhiteElo "1551"]
[BlackElo "1800"]
[Annotator "NA RC"]
[PlyCount "90"]
[EventDate "2022.??.??"]
[TimeControl "60"]

1. e4 g6 2. d4 Bg7 3. Nc3 d6 4. h3 a6 5. a4 b6 6. Nf3 Nd7 7. Bc4 e6 8. O-O h6 9. Be3 Bb7 10. Bb3 Ne7 11. Re1 O-O 12. Qd2 Kh7 13. Rad1 Rc8 14. Qd3 Nb8 15. Ne2 d5 16. e5 c5 17. c4 b5 18. axb5 axb5 19. dxc5 bxc4 20. Bxc4 dxc4 21. Qxc4 Bd5 22. Qf4 Qc7 23. Ned4 Qb7 24. Rd2 Nbc6 25. Nxc6 Nxc6 26. Bd4 Nxd4 27. Qxd4 Bxf3 28. gxf3 Qxf3 29. Re3 Qf5 30. Qc3 Qg5+ 31. Kf1 Rfd8 32. Rxd8 Qxd8 33. b4 Qd1+ 34. Re1 Qd5 35. Kg1 Bf8 36. Rc1 Be7 37. f4 Ra8 38. Qc4 Qd2 39. Qc3 Qxf4 40.
Rf1 Qg5+ 41. Kh1 Ra2 42. Rxf7+ Kg8 43. Qf3 Ra1+ 44. Qf1 Rxf1+ 45. Rxf1 Qxe5 0-1

[Event "44th Chess Olympiad Open 2022"]
[Site "Chennai"]
[Date "2022.08.02"]
[Round "5.73"]
[White "Boidiya, Sidi"]
[Black "Charles, Cleophas"]
[Result "1-0"]
[WhiteElo "1997"]
[BlackElo "1593"]
[Annotator "NA RC"]
[PlyCount "59"]
[EventDate "2022.??.??"]
[TimeControl "60"]

1. e4 e5 2. Bc4 Bc5 3. Nf3 d6 4. c3 Bg4 5. Qb3 Bb6 6. Bxf7+ Kf8 7. Bxg8 Rxg8 8. Qd1 Nd7 9. d3 Ke8 10. a4 a5 11. Be3 Rf8 12. Nbd2 Nc5 13.
Qc2 Qe7 14. b4 Ne6 15. O-O Nf4 16. Rfb1 h5 17. bxa5 Bxa5 18. Kf1 b6 19. d4 Qe6 20. Bxf4 Rxf4 21. Qb3 Qe7 22. dxe5 dxe5 23. Qb5+ Bd7 24. Qc4 Rd8 25. Nb3 Be6 26. Qc6+ Bd7 27. Qg6+ Kf8 28. Nxa5 bxa5 29. Qxh5 Rxe4 30. Ng5 1-0

[Event "44th Chess Olympiad Open 2022"]
[Site "Chennai"]
[Date "2022.08.02"]
[Round "5.73"]
[White "Njau, Albert"]
[Black "Cheikhna, Mohamed Lemine"]
[Result "1-0"]
[WhiteElo "1842"]
[BlackElo "1899"]
[Annotator "NA"]
[PlyCount "67"]
[EventDate "2022.??.??"]
[TimeControl "60"]

1. g3 d5 2. Nf3 Nf6 3. Bg2 e6 4. O-O Bd6 5. d4 Nbd7 6. c4 c6 7. Nbd2 O-O 8. cxd5 exd5 9. Nb3 Ne4 10. Bf4 Qc7 11. Qc1 Re8 12. Rd1 Nf8 13. Bxd6 Qxd6 14. Qf4 Qd8 15. Ne5 f6 16. Nd3 Ng6 17. Qc1 Bf5 18. Bf3 Bh3 19. Nf4 Nxf4 20. Qxf4 g5 21. Qc1 Qc8 22. Bh5 Re7 23. Rd3 Qf8 24. f3 Nd6 25. g4 Rxe2 26. Re3 Rg2+ 27. Kh1 Nc4 28. Re6 Nxb2 29. Nc5 Kg7 30. Qe3 b6 31. Re7+ Kh8 32. Nd7 Rd8 33. Nxf8 Rxf8 34. Re8 1-0

[Event "44th Chess Olympiad Open 2022"]
[Site "Chennai"]
[Date "2022.08.02"]
[Round "5.73"]
[White "Hassan Sidi Mohamed Cheikh"]
[Black "Mlawa, Hemed"]
[Result "0-1"]
[WhiteElo "1825"]
[BlackElo "1896"]
[Annotator "NA RC"]
[PlyCount "78"]
[EventDate "2022.??.??"]
[TimeControl "60"]

1. d4 d5 2. Nc3 Nf6 3. Bg5 e6 4. e4 dxe4 5. Nxe4 Be7 6.
Bxf6 Bxf6 7. Nf3 O-O 8. Qd2 a5 9. O-O-O a4 10. Qf4 Nd7 11.
a3 c6 12. h4 b5 13. Ne5 Qc7 14. Nxf6+ Nxf6 15. g4 b4 16. Rh3 Nd5 17. Qe4 Ba6 18. Nc4 Qf4+ 19. Qxf4 Nxf4 20. Rf3 Nd5 21. Ne5 Bxf1 22. Rxf1 bxa3 23. Rxa3 Rfc8 24. Nd7 Rd8 25. Nc5 Nb6 26. c3 e5 27. Rd1 Rd5 28. Nd3 exd4 29. Nb4 Rd6 30. Rxd4 Rf6 31. Nd3 Rf3 32. b3 c5 33. Rd6 c4 34. Rxb6 Rxd3 35. bxa4 Rad8 36. Rb1 Rd1+ 37. Kb2 Rb8+ 38. Kc2 Rdxb1 39. Ra2 Rf1 0-1

[Event "44th Chess Olympiad Open 2022"]
[Site "Chennai"]
[Date "2022.08.02"]
[Round "5.73"]
[White "Mdoe, Yusuf"]
[Black "Mohamed Abderrahim, Taleb Mohamed"]
[Result "0-1"]
[WhiteElo "1722"]
[BlackElo "2084"]
[Annotator "NA RC"]
[PlyCount "102"]
[EventDate "2022.??.??"]
[TimeControl "60"]

1. c4 e5 2. Nc3 Nf6 3. g3 Nc6 4. a3 Be7 5. Bg2 O-O 6. e3 Re8 7. b4 e4 8. Qc2 Bxb4 9. Nxe4 Be7 10. Bb2 h6 11. Ne2 Nxe4 12. Bxe4 Bf6 13. d4 d6 14. O-O Ne7 15. Nf4 g6 16. Nxg6 fxg6 17. Bxg6 Rf8 18. f3 Nxg6 19. Qxg6+ Bg7 20. d5 Qg5 21. Qxg5 hxg5 22. Bxg7 Kxg7 23. Kg2 g4 24. e4 gxf3+ 25. Rxf3 Bh3+ 26. Kf2 Rxf3+ 27. Kxf3 Rf8+ 28. Ke3 Bg2 29. Ra2 Rf3+ 30. Kd4 Bf1 31. e5 dxe5+ 32. Kxe5 Bxc4 33. Rc2 b5 34. a4 Re3+ 35. Kf4 Re2 36. Rc3 a6 37. axb5 axb5 38. h4 Re7 39. g4 Bxd5 40. Kg5 b4 41. Rc2 b3 42. Rb2 c5 43. h5 c4 44. h6+ Kh7 45. Kf6 Re6+ 46. Kf5 c3 47. Rf2 b2 48. Rf1 b1=R 49. Rxb1 Be4+ 50. Kxe6 Bxb1 51. g5 Bg6 0-1

[Event "44th Chess Olympiad Open 2022"]
[Site "Chennai"]
[Date "2022.08.02"]
[Round "5.74"]
[White "Dabuae, Thubalkain"]
[Black "Ayyad, Maher"]
[Result "0-1"]
[WhiteElo "1941"]
[BlackElo "2101"]
[Annotator "NA RC"]
[PlyCount "106"]
[EventDate "2022.??.??"]
[TimeControl "60"]

1. e4 c5 2. Nf3 e6 3. Nc3 Nc6 4. d4 cxd4 5. Nxd4 Nf6 6. Be3 Bb4 7. Bd3 d5 8. O-O Bxc3 9. bxc3 dxe4 10. Nxc6 bxc6 11. Be2 Qxd1 12. Rfxd1 Nd5 13. Bd4 f6 14. c4 Nb6 15. a4 Nd7 16. f4 O-O 17. a5 Re8 18. Bg4 f5 19. Be2 e5 20. fxe5 Nxe5 21. a6 f4 22. Ra5 f3 23. Bxe5 fxe2 24. Re1 Bxa6 25. Rxe2 Bxc4 26. Rxe4 Bd5 27. Re3 a6 28. Bd4 Rxe3 29. Bxe3 Re8 30. Kf2 Rf8+ 31. Kg3 Re8 32. Kf2 Ra8 33. g4 Kf7 34. c3 Ke6 35. Bd4 g5 36. Ke2 Rf8 37. h3 Ra8 38.
Kd3 Rg8 39. Ke3 Rf8 40. Ke2 Rf7 41. Bh8 h6 42. Bd4 Kd6 43.
Rc5 Bg2 44. Rf5 Rxf5 45. gxf5 Bxh3 46. f6 Be6 47. Kd3 c5 48. Be3 Ke5 49. Bxc5 Kxf6 50. Bd4+ Kf5 51. c4 h5 52. c5 h4 53. Bg1 g4 0-1

[Event "44th Chess Olympiad Open 2022"]
[Site "Chennai"]
[Date "2022.08.02"]
[Round "5.74"]
[White "BuKhalaf, Hussain"]
[Black "Dabuae, David"]
[Result "1/2-1/2"]
[WhiteElo "1813"]
[BlackElo "1707"]
[Annotator "NA RC"]
[PlyCount "63"]
[EventDate "2022.??.??"]
[TimeControl "60"]

1. c4 Nf6 2. Nc3 g6 3. g3 Bg7 4. Bg2 O-O 5. e3 d6 6. Nge2 c5 7. O-O Nc6 8. a3 Rb8 9. Qa4 Bd7 10. Qc2 Na5 11. b3 a6 12. Bb2 b5 13.
cxb5 axb5 14. Nd5 Nxd5 15. Bxg7 Kxg7 16. Bxd5 Bc6 17. Nf4 Qd7 18. Qc3+ e5 19. Qxa5 exf4 20. Qc3+ Kg8 21. Bxc6 Qxc6 22. exf4 Rfe8 23. Rfe1 b4 24. Rxe8+ Qxe8 25. Qe3 Qc6 26. a4 Qd5 27. Rc1 Kf8 28. d4 Re8 29. Qd3 Re4 30. Qc4 Qxd4 31. Qxd4 Rxd4 32. a5 1/2-1/2

[Event "44th Chess Olympiad Open 2022"]
[Site "Chennai"]
[Date "2022.08.02"]
[Round "5.74"]
[White "Taleka, Jed Selu"]
[Black "Shaker, Musab"]
[Result "0-1"]
[WhiteElo "1672"]
[BlackElo "1705"]
[Annotator "NA RC"]
[PlyCount "186"]
[EventDate "2022.??.??"]
[TimeControl "60"]

1. d4 Nf6 2. Nc3 d5 3. Bf4 a6 4. e3 Bf5 5. Nf3 e6 6. a3 c5 7. Bd3 Bg4 8. dxc5 Bxc5 9. h3 Bh5 10. Be2 Nc6 11. O-O O-O 12. Nd4 Bg6 13.
Nxc6 bxc6 14. Bg5 a5 15. Bd3 e5 16. Bxg6 hxg6 17. Qe2 Rb8 18.
Na4 Be7 19. Bxf6 Bxf6 20. Rad1 e4 21. c3 Qd6 22. Qc2 Qe7 23.
Rd2 Rb7 24. Rfd1 Rfb8 25. b4 Ra7 26. Nc5 axb4 27. axb4 Ra3 28. Nb3 Rba8 29. Nd4 Bxd4 30. exd4 e3 31. Re2 exf2+ 32. Kxf2 Qh4+ 33. Kg1 Qg3 34. Qd3 Rxc3 35. Qxg3 Rxg3 36. Rc2 Ra4 37. Rb2 Re3 38. Rc1 Re6 39. Rc5 Kf8 40. Ra5 Rxa5 41. bxa5 Re1+ 42. Kf2 Ra1 43. Rb6 Rxa5 44. Rxc6 Ke7 45. Kf3 Ra3+ 46. Kf4 Kd7 47. Rb6 Kc7 48. Rb2 f6 49. h4 Ra4 50. Ke3 Ra3+ 51. Kf4 Rd3 52. Rb4 Rc3 53. Rb2 Rc4 54. Ke3 Kd6 55. Rb7 Rc7 56. Rb6+ Ke7 57. g4 Rd7 58. Kf4 Kf7 59. Ra6 Re7 60. Ra5 Re4+ 61. Kf3 Rxd4 62. Ra7+ Kg8 63. Rd7 Kh7 64. Rd8 Rd3+ 65. Kf4 Rd4+ 66. Kf3 Rd1 67. Rd7 Kg8 68. Rd8+ Kf7 69. Rd7+ Kf8 70. Rd8+ Ke7 71. Rg8 Kf7 72. Rd8 d4 73. Rd7+ Kg8 74. Rd8+ Kh7 75. Rd5 d3 76. Kg2 Kg8 77. Rd4 Kf7 78. Kf2 Rh1 79. Kg3 Rd1 80. Kf2 d2 81. Ke2 Rh1 82. Rxd2 Rh2+ 83. Ke3 Rxd2 84. Kxd2 f5 85. Ke3 Ke6 86. Kf4 Kf6 87. gxf5 gxf5 88. h5 Ke6 89. Kg5 Ke5 90. Kg6 f4 91. Kxg7 f3 92. h6 f2 93. h7 f1=Q 0-1

[Event "44th Chess Olympiad Open 2022"]
[Site "Chennai"]
[Date "2022.08.02"]
[Round "5.75"]
[White "Al Thebaiti Ahmed M"]
[Black "Ebosse Kingue Victor Patrick"]
[Result "0-1"]
[WhiteElo "1966"]
[BlackElo "2054"]
[Annotator "NA RC"]
[PlyCount "74"]
[EventDate "2022.??.??"]
[TimeControl "60"]

1. d4 Nf6 2. Nf3 g6 3. Bf4 c5 4. d5 d6 5. Nc3 Bg7 6. e4 a6 7. a4 O-O 8. Be2 Qa5 9. O-O Qb4 10. Qd3 Bd7 11. Ra3 Qa5 12. Nd2 Ra7 13.
Qg3 Qd8 14. a5 Bb5 15. Nxb5 axb5 16. Rfa1 Nbd7 17. Be3 Ne8 18.
R1a2 b4 19. Ra4 Nc7 20. h4 h5 21. Nc4 Nf6 22. Nd2 Qd7 23.
Rxb4 Rxa5 24. Rxa5 cxb4 25. Bb6 Bh6 26. Qd3 Rc8 27. Nc4 Na6 28.
Bd4 Qd8 29. Bxf6 exf6 30. Rb5 Nc5 31. Qf3 Qe7 32. Bd3 Ra8 33.
Rxb4 Ra1+ 34. Kh2 f5 35. exf5 Qxh4+ 36. Qh3 Bf4+ 37. g3 Rh1+ 0-1

[Event "44th Chess Olympiad Open 2022"]
[Site "Chennai"]
[Date "2022.08.02"]
[Round "5.75"]
[White "Zebaze Dongmo Loic Dylane"]
[Black "Alharthi, Ahmed Mohammed A"]
[Result "0-1"]
[WhiteElo "1837"]
[BlackElo "1935"]
[Annotator "NA RC"]
[PlyCount "35"]
[EventDate "2022.??.??"]
[TimeControl "60"]

1. d4 Nf6 2. Bf4 c5 3. c3 Qb6 4. Qb3 Qxb3 5. axb3 cxd4 6.
Bxb8 Rxb8 7. Rxa7 e5 8. Nf3 Bc5 9. Ra1 d6 10. b4 Bb6 11.
Nbd2 Be6 12. g3 Ng4 13. Ne4 dxc3 14. bxc3 f5 15. Nxd6+ Ke7 16. Bg2 Rhd8 17. Nb5 Be3 18. Rd1 0-1

[Event "44th Chess Olympiad Open 2022"]
[Site "Chennai"]
[Date "2022.08.02"]
[Round "5.76"]
[White "Nor, Mohamed Ahmed"]
[Black "da Conceicao, Marcos"]
[Result "1-0"]
[WhiteElo "1907"]
[BlackElo "1713"]
[Annotator "NA RC"]
[PlyCount "89"]
[EventDate "2022.??.??"]
[TimeControl "60"]

1. e4 c5 2. Nf3 Nc6 3. d4 cxd4 4. Nxd4 e5 5. Nf3 Be7 6. Bc4 Nf6 7. Nc3 O-O 8. O-O d6 9. h3 a6 10. a4 Bd7 11. Re1 Rc8 12. Bg5 h6 13.
Bxf6 Bxf6 14. Qxd6 Nd4 15. Bb3 Nxf3+ 16. gxf3 Bxh3 17. Qxd8 Rfxd8 18. Rad1 Be6 19. Rxd8+ Rxd8 20. Nd5 Bg5 21. c4 Kh7 22. Bc2 h5 23. Rd1 Kh6 24. b4 Rd6 25. c5 Rc6 26. Ne3 Rc8 27. Rd6 Bxe3 28.
fxe3 Kg5 29. Kh2 Kh4 30. f4 exf4 31. exf4 g6 32. Bd1 Bg4 33. Bb3 Rf8 34. Bd5 Bc8 35. b5 axb5 36. axb5 Kg4 37. Rf6 g5 38. Bxf7 Kh4 39. fxg5 Kxg5 40. e5 Bd7 41. b6 Rc8 42. Rg6+ Kf5 43. e6 Be8 44. Rg8 Bxf7 45. exf7 1-0

[Event "44th Chess Olympiad Open 2022"]
[Site "Chennai"]
[Date "2022.08.02"]
[Round "5.76"]
[White "Islam Sh.Nour, Kassim"]
[Black "Guterres, Cosme"]
[Result "1-0"]
[WhiteElo "1873"]
[BlackElo "1692"]
[Annotator "NA RC"]
[PlyCount "111"]
[EventDate "2022.??.??"]
[TimeControl "60"]

1. b3 d5 2. Bb2 Nc6 3. e3 e5 4. Bb5 Bd6 5. Nf3 Qe7 6. c4 dxc4 7. Bxc6+ bxc6 8. bxc4 Nf6 9. c5 Bxc5 10. Nxe5 Bd7 11. Qc2 O-O 12. O-O Rfc8 13. d4 Bb6 14. Nxc6 Qe8 15. Ne5 Ba4 16. Qc1 c5 17. Qd2 cxd4 18. exd4 Nd5 19. Na3 f6 20. Nec4 Bc7 21. Qe1 Qf7 22. Qe4 Re8 23. Qh4 Bd7 24. Rfe1 Qg6 25. Ne3 Re4 26. Nxd5 Rxh4 27. Ne7+ Kf7 28. Nxg6 hxg6 29. h3 Bxh3 30. gxh3 Rxh3 31. Nb5 Bf4 32. Bc1 g5 33. Bxf4 gxf4 34. Nd6+ Kg6 35. Re8 Rxe8 36. Nxe8 Kf7 37. Nd6+ Ke6 38. Nb5 Rd3 39. Nxa7 Rxd4 40. Nb5 Rb4 41. a4 g5 42. Nc3 Rc4 43. Ne2 Ke5 44. a5 Ke4 45. a6 Rc8 46. a7 Ra8 47. Nc3+ Ke5 48.
Nb5 Kf5 49. Nc7 Rh8 50. a8=Q Rxa8 51. Rxa8 g4 52. Ra5+ Kg6 53. Ne6 f3 54. Nf4+ Kh6 55. Kh2 Kg7 56. Kg3 1-0

[Event "44th Chess Olympiad Open 2022"]
[Site "Chennai"]
[Date "2022.08.02"]
[Round "5.76"]
[White "de Araujo, Helder"]
[Black "Abdulkadir Mohamed Warsame"]
[Result "0-1"]
[WhiteElo "1742"]
[BlackElo "1820"]
[Annotator "NA RC"]
[PlyCount "108"]
[EventDate "2022.??.??"]
[TimeControl "60"]

1. d4 Nf6 2. c4 g6 3. Nc3 d5 4. cxd5 Nxd5 5. e4 Nxc3 6. bxc3 Bg7 7. Bc4 c5 8. Ne2 Nc6 9. Be3 O-O 10. O-O cxd4 11. cxd4 Na5 12. Bd3 b6 13. Rc1 Bb7 14. Qd2 Qd7 15. Bh6 Rac8 16. Bxg7 Kxg7 17. Qb2 f6 18. f3 Rxc1 19. Rxc1 Rc8 20. Rxc8 Qxc8 21. Qc3 Qxc3 22. Nxc3 Nc6 23. d5 Ne5 24. Be2 a6 25. Na4 Nd7 26. Kf2 b5 27. Nc3 Kf7 28. Ke3 e6 29. Kd4 e5+ 30. Ke3 Nc5 31. Bd1 Ke7 32. a3 Bc8 33. f4 exf4+ 34. Kxf4 Nd3+ 35. Ke3 Ne5 36. Kd4 Kd6 37. Na2 Nc4 38. g4 g5 39. Nb4 Nxa3 40. Nd3 Nc4 41. h3 Ne5 42. Nxe5 fxe5+ 43. Kc3 Kc5 44. Kb3 a5 45. Bc2 Bd7 46. Kb2 b4 47. Bd3 a4 48.
Ba6 Be8 49. Bc8 Bb5 50. Bf5 h6 51. Be6 a3+ 52. Kc2 Bc4 53.
Bf7 b3+ 54. Kc3 b2 0-1